 Dungeon Crawl Stone Soup version 0.18-a0-1203-gbde16db (webtiles) character file.

50580 Leszczynek the Bludgeoner (level 14, 0/126 HPs)
             Began as a Green Draconian Gladiator on Feb 1, 2016.
             Was an Initiate of Gozag.
             Slain by a catoblepas (28 damage)
             ... on level 7 of the Lair of Beasts.
             The game lasted 00:57:48 (19549 turns).

Leszczynek the Bludgeoner (DrGl)                   Turns: 19549, Time: 00:57:48

Health: 0/126      AC: 11    Str: 29    XL:     14   Next: 20%
Magic:  14/14      EV: 18    Int:  8    God:    Gozag
Gold:   3293       SH:  0    Dex: 17    Spells: 0 memorised, 13 levels left

rFire  + + +     SeeInvis .     a - +0 great mace (crush)
rCold  . . .     Gourm    .     (armour unavailable)
rNeg   . . .     Faith    .     (shield currently unavailable)
rPois  +         Spirit   .     j - +1 hat
rElec  .         Dismiss  .     s - +0 cloak
rCorr  .         Reflect  .     y - +0 pair of gloves
SustAt .         Harm     .     (no boots)
MR     ++...                    H - amulet "Rujiv" {rF+++ Regen+ Str+10 Dex-2 Stlth-}
Stlth  +.........               O - +3 ring of dexterity
                                q - ring of protection from magic

@: very resistant to hostile enchantments, very unstealthy
A: breathe noxious fumes, unfitting armour, stinger 1, poison resistance,
cold-blooded, AC +8
a: Breathe Noxious Fumes, Potion Petition, Call Merchant, Bribe Branch, Renounce
Religion


You were on level 7 of the Lair of Beasts.
You worshipped Gozag.
Gozag was noncommittal.
You were near starving.

You visited 3 branches of the dungeon, and saw 19 of its levels.
You also visited: Labyrinth and Volcano.

You collected 5813 gold pieces.
You spent 2112 gold pieces at shops.
You paid 408 gold pieces to Gozag.

Inventory:

Hand Weapons
 a - a +0 great mace of crushing (weapon)
 b - a +0 blowgun
 d - a +2 morningstar of holy wrath
 G - a +3 morningstar
Missiles
 c - 6 throwing nets (quivered)
 h - 51 poisoned needles
 x - 19 tomahawks
 Q - 7 steel tomahawks
 S - 7 javelins of penetration
Armour
 j - a +1 hat (worn)
 s - a +0 cloak (worn)
 y - a +0 pair of gloves (worn)
 K - a +0 large shield
Jewellery
 k - an uncursed ring of protection from cold
 l - an uncursed ring of positive energy
 q - a ring of protection from magic (left hand)
 B - an uncursed ring of sustain attributes
 H - the amulet "Rujiv" (around neck) {rF+++ Regen+ Str+10 Dex-2 Stlth-}
   (You bought it in a shop on level 9 of the Dungeon)

   [amulet of regeneration]

   It affects your strength (+10).
   It affects your dexterity (-2).
   It renders you almost immune to fire.
   It increases your rate of regeneration.
   It makes you less stealthy.
 N - an uncursed ring of stealth
 O - a +3 ring of dexterity (right hand)
 R - an uncursed ring of resist corrosion
Scrolls
 e - 3 scrolls of magic mapping
 g - 5 scrolls of identify
 r - 4 scrolls of teleportation
 t - 3 scrolls of fear
 v - 4 scrolls of remove curse
 w - 4 scrolls of blinking
 z - a scroll of summoning
 A - 3 scrolls of amnesia
 C - a scroll of enchant armour
 T - a scroll of fog
 W - 3 scrolls of enchant weapon
Potions
 f - 3 potions of resistance
 i - a potion of magic
 m - 6 potions of flight
 p - 8 potions of curing
 u - a potion of cure mutation
 E - 3 potions of might
 F - a potion of cancellation {unknown}
 J - 2 potions of agility
 P - a potion of invisibility
 U - 4 potions of berserk rage
 V - 4 potions of brilliance
Books
 M - a book of Minor Magic

   Spells                             Type                      Level
   a - Magic Dart                     Conjuration                  1
   b - Blink                          Translocation                2
   c - Call Imp                       Summoning                    2
   d - Repel Missiles                 Charms/Air                   2
   e - Slow                           Hexes                        2
   f - Conjure Flame                  Conjuration/Fire             3
   g - Mephitic Cloud                 Conjuration/Poison/Air       3
Miscellaneous
 L - a phantom mirror
Comestibles
 n - 11 meat rations
 o - 20 fruits
 I - 5 beef jerkies


   Skills:
 - Level 12.0 Fighting
 - Level 16.0 Maces & Flails
 - Level 4.0 Throwing
 - Level 8.9 Dodging
 * Level 12.0 Shields


You had 13 spell levels left.
You didn't know any spells.

Dungeon Overview and Level Annotations

Branches:
Dungeon (11/15)            Temple (0/1) D:7            Lair (7/8) D:9
  Swamp (0/4) Lair:3       Spider (0/4) Lair:6        Slime (0/6) Lair:6
    Orc (1/2) D:9

Altars:
Ashenzari
Cheibriados
Fedhas
Gozag
Kikubaaqudgha
Nemelex Xobeh
Okawaru
Pakellas
Sif Muna
Trog
Vehumet
Xom
Zin
The Shining One

Shops:
D:4 *   D:5 (?=[   D:8 (   D:9 *(:=   D:10 !   D:11 !

Annotations:
D:4 Leszczynek's ghost, amateur DrGl
D:5 sorlin's ghost, novice DrGl
Lair:3 exclusions: electric eel and 5 more exclusions


Innate Abilities, Weirdness & Mutations

You can breathe blasts of noxious fumes.
Your lurid green scales are hard (AC +8).
Your body does not fit into most forms of armour.
Your tail ends in a poisonous barb.
Your system is resistant to poisons.
You are cold-blooded and may be slowed by cold attacks.


Message History

Drink which item? (? for menu, Esc to quit)
You feel much better.
The fungus is engulfed in calcifying dust.
The catoblepas barely misses you.
Unknown command.
You bludgeon the catoblepas!! You tail-slap the catoblepas.
The catoblepas is severely wounded.
The fungus is engulfed in calcifying dust.
The catoblepas gores you!!
* * * LOW HITPOINT WARNING * * *
You barely miss the catoblepas.
You tail-slap the catoblepas, but do no damage.
The catoblepas is severely wounded.
The fungus is engulfed in calcifying dust.
The catoblepas misses you.
You hit the catoblepas.
The catoblepas is almost dead.
The catoblepas gores you!!
You die...
Your body crumbles into a pile of gold.

###....## #...#.#.
#.#....## .#..
##.##....####..#
#...##..#..#.P.# .
#..####....#[.P#..
#...PP#...........
###P..P............
#.................#
##..#§§§§Y@.####...
#....##..§.## ..
#..##.#####§.#
#P... ### ###
#..##(P..Y.
#§..§§..#
#...§......#
#....###...#
....P## #.....
...... .....


You could see a catoblepas.

Vanquished Creatures
  A minotaur (Lab)
  The ghost of sorlin the Basher, a journeyman DrGl of Ashenzari (Lair:2)
  Erolcha (D:8)
  5 hydras
  An anaconda (Lair:5)
  A queen ant (Lair:2)
  Urug (Lair:3)
  Sonja (D:10)
  The ghost of asdu the Cleaver, a novice MiBe of Trog (D:7)
  An unseen horror (D:9)
  Pikel (D:5)
  A wolf spider (Lair:6)
  An ugly thing (D:10)
  An orc knight (Volcano)
  A manticore (D:11)
  10 black mambas
  11 elephants
  9 spiny frogs
  10 komodo dragons
  2 fire drakes
  A troll (D:8)
  A boulder beetle (Lair:6)
  2 two-headed ogres
  A polar bear (Lair:4)
  16 blink frogs
  2 redbacks (Lab)
  2 wraiths (D:9)
  38 yaks
  3 hippogriffs
  A wyvern (D:9)
  3 hungry ghosts
  A mottled dragon (D:9)
  17 wolves
  6 soldier ants
  16 water moccasins
  11 porcupines
  10 orc warriors
  3 ice beasts
  4 sky beasts
  A slave (D:6)
  A wasp (D:9)
  4 black bears
  2 phantoms
  7 ogres
  10 crocodiles
  16 giant frogs
  5 big kobolds
  4 gnoll sergeants
  6 scorpions
  A troll zombie (D:9)
  12 killer bees
  6 wights
  A troll skeleton (Lab)
  A lava snake (Lair:1)
  3 crimson imps
  A giant frog zombie (D:11)
  4 human zombies (D:9)
  5 centaur skeletons
  Crazy Yiuf (D:6)
  A gnoll shaman (D:7)
  5 orc priests
  7 hounds
  2 jellies (Lair:6)
  5 orc wizards
  2 giant frog skeletons
  10 iguanas
  2 human skeletons (D:9)
  5 hell rats (Lair:4)
  35 worker ants
  13 sheep (Lair:2)
  3 ogre skeletons
  A hound zombie (D:9)
  A hound skeleton (D:9)
  A mummy (D:9)
  14 gnolls
  9 adders
  70 river rats
  3 shadow imps
  6 oozes
  4 worms (D:4)
  8 giant geckos
  44 orcs
  5 giant cockroaches
  7 goblins
  5 hobgoblins
  13 jackals
  3 quokkas
  A ball python (D:1)
  6 bats
  2 giant gecko skeletons
  6 giant newts
  A jackal zombie (D:7)
  20 kobolds
  A quokka skeleton (D:7)
  A quokka zombie (D:5)
  8 rats
620 creatures vanquished.

Vanquished Creatures (others)
  A quasit (D:6)
  An orc priest (D:6)
  An orc wizard (D:6)
  A river rat (Lair:2)
  A worm (D:5)
  2 orcs (D:6)
  A ball python (D:6)
  A bush (Lair:2)
  19 fungi
  12 plants
40 creatures vanquished.

Grand Total: 660 creatures vanquished

Notes
Turn   | Place    | Note
--------------------------------------------------------------
     0 | D:1      | Leszczynek the Draconian Gladiator began the quest for the Orb.
     0 | D:1      | Reached XP level 1. HP: 17/17 MP: 1/1
   101 | D:1      | Reached XP level 2. HP: 19/24 MP: 2/2
   377 | D:1      | Reached skill level 4 in Maces & Flails
   572 | D:1      | Reached XP level 3. HP: 25/29 MP: 3/3
  1296 | D:2      | Found a faded altar to an unknown god.
  1304 | D:2      | Became a worshipper of Gozag Ym Sagoz the Greedy
  1389 | D:2      | Reached skill level 5 in Maces & Flails
  1389 | D:2      | Reached XP level 4. HP: 22/36 MP: 4/4
  1529 | D:3      | Found a sparkling altar of Nemelex Xobeh.
  1905 | D:3      | Found a snail-covered altar of Cheibriados.
  1912 | D:3      | Found a radiant altar of Vehumet.
  1963 | D:3      | Reached XP level 5. HP: 41/41 MP: 5/5
  1969 | D:3      | HP: 2/41 [orc priest/whip (1)]
  1972 | D:3      | Reached skill level 6 in Maces & Flails
  2509 | D:4      | Noticed an ogre
  2513 | D:3      | Reached XP level 6. HP: 37/48 MP: 6/6
  2599 | D:4      | Reached skill level 7 in Maces & Flails
  2644 | D:4      | Noticed Leszczynek's ghost (amateur DrGl)
  3034 | D:4      | Reached skill level 8 in Maces & Flails
  3141 | D:4      | Reached XP level 7. HP: 28/55 MP: 7/7
  3141 | D:4      | Your scales start taking on a lurid green colour.
  3141 | D:4      | Gained mutation: Your system is resistant to poisons. [Green Draconian growth]
  3369 | D:4      | Found Gyamefot's General Store.
  3410 | D:4      | Bought a scroll of fear for 42 gold pieces
  3410 | D:4      | Bought a bread ration for 60 gold pieces
  3410 | D:4      | Bought a slice of pizza for 18 gold pieces
  3410 | D:4      | Bought a bread ration for 60 gold pieces
  3560 | D:5      | Entered Level 5 of the Dungeon
  3597 | D:5      | Noticed sorlin's ghost (novice DrGl)
  3623 | D:5      | Found Uxejest's Antique Weapon Shoppe.
  3626 | D:5      | Bought a glowing great mace for 117 gold pieces
  3860 | D:5      | Found Sihum's Magic Scroll Boutique.
  3881 | D:5      | Bought a scroll of teleportation for 42 gold pieces
  3881 | D:5      | Bought a scroll of fear for 49 gold pieces
  3881 | D:5      | Bought a scroll of blinking for 105 gold pieces
  3881 | D:5      | Bought a scroll of identify for 28 gold pieces
  3881 | D:5      | Bought a scroll of blinking for 105 gold pieces
  3997 | D:5      | Found a shimmering altar of Xom.
  4030 | D:5      | Found Hoicwoh's Jewellery Boutique.
  4084 | D:5      | Found Liorphir's Armour Boutique.
  4113 | D:5      | Bought a +0 pair of gloves for 54 gold pieces
  4132 | D:5      | Found an opulent altar of Gozag.
  4136 | D:5      | Found a glowing golden altar of the Shining One.
  4136 | D:5      | Found a shattered altar of Ashenzari.
  4212 | D:4      | Found a bloodstained altar of Trog.
  4287 | D:6      | Noticed Pikel
  4449 | D:5      | Killed Pikel
  4449 | D:5      | Reached skill level 10 in Maces & Flails
  4449 | D:5      | Reached XP level 8. HP: 44/61 MP: 8/8
  5352 | D:6      | Noticed Crazy Yiuf
  5359 | D:6      | Killed Crazy Yiuf
  5486 | D:7      | Reached skill level 11 in Maces & Flails
  5894 | D:7      | Found a deep blue altar of Sif Muna.
  5902 | D:7      | Found a staircase to the Ecumenical Temple.
  5913 | D:7      | Noticed asdu's ghost (novice MiBe)
  6082 | D:7      | Killed asdu's ghost
  6082 | D:7      | Reached XP level 9. HP: 33/71 MP: 9/9
  6148 | D:7      | Reached skill level 12 in Maces & Flails
  6167 | D:7      | Found an oddly glowing altar of Pakellas.
  6238 | D:7      | Found an opulent altar of Gozag.
  6502 | D:8      | Reached skill level 5 in Fighting
  6618 | D:8      | Found Vaocw's Antique Weapon Shoppe.
  6641 | D:8      | Found an iron altar of Okawaru.
  6819 | D:8      | Noticed Erolcha
  7168 | D:8      | Reached skill level 13 in Maces & Flails
  7191 | D:8      | Found a blossoming altar of Fedhas.
  7379 | D:8      | Killed Erolcha
  7379 | D:8      | Reached XP level 10. HP: 37/84 MP: 10/10
  7599 | D:9      | Found Biyfuh's Book Boutique.
  8028 | D:9      | Found Zekytor's Jewellery Shoppe.
  8033 | D:9      | jesus fuck this amulet
  8033 | D:9      | hoooooly shieeeet
  8062 | D:9      | Found a staircase to the Orcish Mines.
  8523 | D:9      | Reached skill level 14 in Maces & Flails
  8531 | D:9      | Found Zoewolo's General Store.
  8622 | D:9      | Found an ancient bone altar of Kikubaaqudgha.
  8912 | D:8      | HP: 3/88 [troll (16)]
  9319 | D:9      | Found Defios's Antique Weapon Shop.
  9324 | D:9      | Bought a glowing morningstar for 80 gold pieces
  9324 | D:9      | Bought a glowing morningstar for 80 gold pieces
  9882 | Orc:1    | Entered Level 1 of the Orcish Mines
  9917 | D:9      | Bought the amulet "Rujiv" {rF+++ Regen+ Str+10 Dex-2 Stlth-} for 1136 gold pieces
  9918 | D:9      | >rF+++ Regen+ Str+10
  9918 | D:9      | i can commit suicide if i don't get at least one rune with this
  9944 | D:9      | and as i said this, unseen horror
  9944 | D:9      | wee
  9972 | D:9      | Killed an unseen horror
  9972 | D:9      | Reached XP level 11. HP: 8/95 MP: 11/11
 10589 | D:9      | Found a staircase to the Lair.
 10664 | D:10     | Entered Level 10 of the Dungeon
 10792 | D:10     | Noticed Sonja
 10793 | D:10     | Sonja
 10793 | D:10     | in a no wand challenge
 10793 | D:10     | jesus
 10818 | D:10     | Killed Sonja
 10838 | D:10     | fuck you and your red drain
 10885 | D:10     | Reached skill level 15 in Maces & Flails
 10900 | D:10     | Found Bowueps's Distillery.
 11230 | D:10     | Reached skill level 5 in Dodging
 11326 | D:10     | i wonder if having regen under gozag is a good idea or not
 11415 | D:11     | Found a glowing silver altar of Zin.
 11589 | D:11     | Found Fovorch's Distillery.
 11608 | D:11     | Bought a potion of might for 68 gold pieces
 11608 | D:11     | Bought a potion of might for 68 gold pieces
 11651 | D:11     | Noticed a purple ugly thing
 11686 | D:10     | Killed a purple ugly thing
 12384 | Lair:1   | Entered Level 1 of the Lair of Beasts
 12501 | Lair:1   | Reached skill level 10 in Fighting
 12566 | Lair:1   | Reached XP level 12. HP: 86/106 MP: 12/12
 12970 | Lair:1   | Reached skill level 16 in Maces & Flails
 13019 | Lair:1   | Noticed an eight-headed hydra
 13198 | Lair:2   | Noticed sorlin's ghost (journeyman DrGl)
 13210 | Lair:2   | Noticed a queen ant
 13332 | Lair:2   | Found a labyrinth entrance.
 13340 | Lab      | Entered a labyrinth
 13510 | Lab      | Noticed a minotaur
 13518 | Lab      | Killed a minotaur
 13518 | Lab      | Reached skill level 1 in Shields
 13563 | Lair:2   | Killed sorlin's ghost
 13996 | Lair:2   | Killed a queen ant
 14212 | Lair:2   | this is the first time
 14212 | Lair:2   | i appreciate river rats
 14212 | Lair:2   | more please
 14633 | Lair:2   | Reached skill level 5 in Shields
 14807 | Lair:3   | Found a staircase to the Swamp.
 14900 | Lair:3   | Reached XP level 13. HP: 118/118 MP: 13/13
 14928 | Lair:3   | Noticed Urug
 14942 | Lair:3   | Killed Urug
 14968 | Lair:3   | Found a dark tunnel.
 14980 | Volcano  | Entered a volcano
 15002 | Volcano  | Found a radiant altar of Vehumet.
 17220 | Lair:4   | damn, black mambas are far more dangerous than hydras
 17220 | Lair:4   | holy crap
 17829 | Lair:5   | Reached skill level 10 in Shields
 18090 | Lair:6   | Found a staircase to the Slime Pits.
 18220 | Lair:6   | Found a hole to the Spider Nest.
 18858 | Lair:5   | Gained mutation: Your tail ends in a poisonous barb. [Green Draconian growth]
 18858 | Lair:5   | Reached XP level 14. HP: 98/126 MP: 14/14
 19549 | Lair:7   | Slain by a catoblepas

Vault maps used:
D:1:      nicolae_arrival_memento_mori, serial_bayou_ford_a
D:2:      ecumenical_altar_1, feat_on_display
D:3:      nemelex_deck, minitemple, first_bread
D:4:      lightli_temple_of_fire, serial_shops, shop
D:5:      nicolae_overflow_hidden_temple, old_standard_altar,
          lemuel_zombie_altar_yredelemnul, serial_shops, kennysheep_mini,
          nicolae_shop_behind_doors, shop, nicolae_shop_crystal, shop,
          grunt_decor_one_mirror, lemuel_flamethrower_1
D:6:      uniq_crazy_yiuf_cottage, uniq_pikel
D:7:      marbit_many_paths, overflow_temple_1_default, temple_doors_e,
          nicolae_gozag_cash_rules_everything_around_me
D:8:      fedhas_altar_4, overflow_temple_1_default, serial_shops,
          nicolae_shop_trees, uniq_erolcha
D:9:      minmay_curly_fans, lemuel_mausoleum_altar_kikubaaqudgha,
          erik_lair_dragon, kennysheep_orc_monster_closet_entryway,
          serial_shops, kennysheep_little_box, nicolae_shop_behind_doors, shop,
          nicolae_shop_stone
D:10:     serial_shops, nicolae_shop_trees, nicolae_sextant, uniq_sonja
D:11:     serial_shops, shop, basic_altar, grunt_ogre_cave
Lair:1:   special_room
Lair:2:   lab_entry_generic, minmay_another_anthill, lemuel_fruit_fields
Lair:3:   minmay_swamp_entry_eels, nicolae_volcano_entry_hallway, uniq_urug
Lair:4:   cheibrodos_lair_caveside_slide
Lair:5:   beast_lair_carwin_large_4, grunt_megastairs_3
Lair:6:   spider_nest_entry_rubble, nicolae_slime_entry_slimehenge,
          grunt_megastairs_2
Lair:7:   infiniplex_staircase_pool_2, lemuel_fruit_tree, grunt_megastairs_5
Lab:      labyrinth_mini_lab, nicolae_lab_flowing_pool,
          labyrinth_skeletal_remains, nicolae_lab_grate
Volcano:  kennysheep_volcano_temple

Action                   |  1- 3 |  4- 6 |  7- 9 | 10-12 | 13-15 || total
-------------------------+-------+-------+-------+-------+-------++-------
Melee: Flail             |   133 |   151 |       |       |       ||   284
       Morningstar       |       |    28 |    33 |       |       ||    61
       Great mace        |       |       |   262 |   948 |   533 ||  1743
Invok: Potion Petition   |       |     1 |       |     1 |       ||     2
 Abil: Breathe Noxious F |       |       |     2 |     3 |     1 ||     6
  Use: Scroll            |       |     8 |     9 |     8 |     3 ||    28
       Potion            |       |     2 |     3 |     5 |     1 ||    11
 Stab: Sleeping          |       |     2 |     3 |     1 |       ||     6
       Distracted        |       |       |       |    10 |     3 ||    13
       Confused          |       |       |       |     1 |       ||     1
  Eat: Chunk             |     2 |       |       |       |       ||     2
       Bread ration      |       |     2 |     4 |     3 |     3 ||    12
       Pizza             |       |       |     1 |     1 |       ||     2
       Royal jelly       |       |       |       |     3 |       ||     3
       Fruit             |       |       |       |     1 |       ||     1
       Meat ration       |       |       |       |     1 |       ||     1
       Beef jerky        |       |       |       |       |     1 ||     1
